 Dungeon Crawl Stone Soup version 0.27-a0-54-g64bdb92e38 (webtiles) character file.

Game seed: 14189200864642916946

16479 wakim the Grappler (level 12, -11/119 HPs)
             Began as a Troll Fighter on Jan 7, 2021.
             Was a High Priest of Makhleb.
             Mangled by a minotaur
             ... wielding a +0 halberd
              (28 damage)
             ... in a Gauntlet.
             The game lasted 00:57:13 (11202 turns).

wakim the Grappler (Troll Fighter)                 Turns: 11202, Time: 00:57:13

Health: -11/119    AC: 13    Str: 31    XL:     12   Next: 10%
Magic:  17/17      EV: 10    Int:  6    God:    Makhleb [*****.]
Gold:   271        SH: 11    Dex:  9    Spells: 11/11 levels left

rFire    + . .     SeeInvis .     - Unarmed
rCold    + + .     Faith    .   b - +0 kite shield
rNeg     + . .     Spirit   .   v - +0 steam dragon scales
rPois    +         Reflect  .   D - +2 hat
rElec    .         Harm     .   j - +1 cloak
rCorr    .         Rampage  .   (gloves unavailable)
Will     .....     NoTele   +   (boots unavailable)
Stlth    +.........             K - amulet of the Swan {rF+ rC+ rN+ Regen+}
HPRegen  1.09/turn              p - ring "Gemume" {+Blink rPois rC+ Int+2}
MPRegen  0.15/turn              G - +4 ring of slaying

@: no status effects
A: large, unfitting armour, claws 3, regeneration 1, shaggy fur 1, tough skin 3
a: Renounce Religion, Evoke Blink, Minor Destruction, Lesser Servant of Makhleb,
Major Destruction, Greater Servant of Makhleb


You were in a Gauntlet.
You worshipped Makhleb.
Makhleb was extremely pleased with you.
You visited 2 branches of the dungeon, and saw 13 of its levels.
You also visited: Sewer and Gauntlet.

You collected 1157 gold pieces.
You spent 886 gold pieces at shops.

Inventory:

Missiles
 f - 56 poisoned darts (quivered)
Armour
 b - a +0 kite shield (worn)
 j - a +1 cloak (worn)
 v - +0 steam dragon scales (worn)
 B - a +2 robe of fire resistance
 D - a +2 hat (worn)
 M - a +1 robe of cold resistance
Jewellery
 p - the ring "Gemume" (left claw) {+Blink rPois rC+ Int+2}
   (You bought it in a shop on level 4 of the Dungeon)

   [ring of poison resistance]

   It affects your intelligence (+2).
   It protects you from cold.
   It protects you from poison.
   It lets you blink.
 u - an uncursed ring of positive energy
 A - a +6 ring of dexterity
 C - a +4 ring of protection
 G - a +4 ring of slaying (right claw)
 I - an uncursed amulet of guardian spirit {unknown}
 K - the amulet of the Swan (around neck) {rF+ rC+ rN+ Regen+}
   (You bought it in a shop on level 9 of the Dungeon)

   [amulet of regeneration]

   It protects you from fire.
   It protects you from cold.
   It protects you from negative energy.
   It increases your rate of regeneration.
 L - an uncursed ring of ice
Wands
 s - a wand of digging (9)
 H - a wand of flame (19)
 N - a wand of disintegration (12)
 P - a wand of enslavement (1)
Scrolls
 e - 9 scrolls of identify
 g - 5 scrolls of remove curse
 m - 6 scrolls of teleportation
 q - a scroll of immolation
 x - 4 scrolls of enchant armour
 y - 4 scrolls of fog
 z - 2 scrolls of fear
 F - a scroll of enchant weapon
 J - a scroll of blinking
 O - a scroll of acquirement {unknown}
Potions
 a - a potion of berserk rage
 c - 5 potions of might
 d - 2 potions of attraction
 h - a potion of ambrosia {unknown}
 i - 11 potions of curing
 k - 3 potions of lignification {unknown}
 l - 4 potions of flight
 n - 6 potions of heal wounds
 o - a potion of invisibility {unknown}
 r - 2 potions of degeneration {unknown}
 t - 4 potions of resistance
 w - 2 potions of brilliance {unknown}
 E - a potion of mutation {unknown}


   Skills:
 - Level 8.0 Fighting
 + Level 5.1 Throwing
 - Level 2.4 Dodging
 + Level 8.6 Shields
 - Level 10.9 Unarmed Combat
 - Level 8.0 Invocations


You had 11 spell levels left.
You didn't know any spells.
Your spell library contained the following spells:

 Spells                   Type           Power        Failure   Level
 Animate Skeleton         Necr           0%           47%         1
 Apportation              Tloc           0%           47%         1
 Corona                   Hex            0%           47%         1
 Magic Dart               Conj           0%           47%         1
 Sandblast                Erth           0%           47%         1
 Summon Small Mammal      Summ           0%           47%         1
 Passwall                 Tmut/Erth      0%           63%         2
 Searing Ray              Conj           0%           63%         2
 Dazzling Flash           Conj/Hex       0%           85%         3
 Stone Arrow              Conj/Erth      0%           85%         3
 Fulminant Prism          Conj/Hex       0%           99%         4
 Iskenderun's Mystic Bla  Conj/Tloc      0%           99%         4
 Petrify                  Tmut/Erth      0%           99%         4
 Lee's Rapid Deconstruct  Erth           0%           100%        5


Dungeon Overview and Level Annotations

Branches:
Dungeon (12/15)            Temple (1/1) D:5            Lair (0/6) D:8
    Orc (0/2) D:9           Sewer (visited)         Gauntlet (1/1)

Altars:
Ashenzari
Cheibriados
Dithmenos
Fedhas
Gozag
Kikubaaqudgha
Makhleb
Qazlal
Ru
Sif Muna
Uskayaw
Vehumet
Yredelemnul
Zin
The Shining One

Shops:
D:4 ::=*(   D:7 **(=   D:9 =

Portals:
Trove: D:10 (give +5 demon blade)

Annotations:
D:3 Sigmund
D:6 Prince Ribbit Gauntlet 6 transporters


Innate Abilities, Weirdness & Mutations

You are too large for most types of armour.
You have claws for hands.
Your natural rate of healing is unusually fast.
You are covered in fur. (AC +1)
You have extremely tough skin. (AC +3)


Message History

You scratch the minotaur.
The minotaur is moderately wounded.
You claw the minotaur!
The minotaur is heavily wounded.
You block the minotaur's attack. x2
You claw the minotaur!
The minotaur is severely wounded.
You block the minotaur's attack.
The minotaur gores you but does no damage.
You mangle the minotaur!!
The minotaur is almost dead.
You barely miss the minotaur.
The minotaur is almost dead.
The minotaur hits you with a +0 halberd!!
* * * LOW HITPOINT WARNING * * *
The minotaur barely misses you.
You barely miss the minotaur.
The minotaur is almost dead.
The minotaur hits you with a +0 halberd!!
You die...

#########
#.H.....#
#@#####(#
#.#...#.#
#.#H# #.#
#.#.# #.#
#.#(# #4#
#.#(###.#
#.#.H.H.#
#.#######
#.....#


You could see a minotaur.

Vanquished Creatures
  Gastronok (D:11)
  Fannar (D:10)
  Pikel (D:6)
  2 wizards (Gauntlet)
  Maurice (D:11)
  A gargoyle (D:8)
  A kobold demonologist (D:11)
  Psyche (D:10)
  A tyrant leech (Gauntlet)
  3 trolls
  2 wraiths (D:9)
  Eustachio (D:6)
  A wyvern (D:10)
  16 yaks
  2 swamp worms (Gauntlet)
  2 soldier ants (D:11)
  6 ice beasts
  3 orc warriors
  4 black bears
  An eye of draining (D:9)
  3 sky beasts
  3 necrophages
  2 phantoms
  4 ogres
  5 centaurs
  2 big kobolds
  5 bullfrogs
  A gnoll sergeant (D:11)
  2 water moccasin zombies
  6 scorpions
  29 killer bees
  13 wights
  2 electric eels (D:8)
  2 howler monkeys (D:8)
  A centaur zombie (D:10)
  A bullfrog zombie (D:5)
  3 human zombies (D:9)
  5 jellies
  5 hounds
  3 quasits
  3 orc priests
  2 centaur skeletons (D:8)
  A gnoll shaman (D:7)
  10 orc wizards
  Jessica (D:3)
  2 human skeletons (D:9)
  2 iguanas
  6 worker ants
  A hound skeleton (D:5)
  2 mummies (D:9)
  A worker ant zombie (D:11)
  11 adders
  12 gnolls
  7 river rats (Sewer)
  6 shadow imps
  A white imp (D:8)
  An ufetubus (D:5)
  4 oozes
  2 adder skeletons (D:8)
  6 worms
  A dart slug (D:3)
  6 leopard geckos
  27 orcs
  6 ball pythons (Sewer)
  6 giant cockroaches
  8 goblins
  7 hobgoblins
  7 jackals
  27 kobolds
  3 quokkas
  4 bats
  4 frilled lizards
  A leopard gecko zombie (D:5)
  2 quokka skeletons (D:8)
  A quokka zombie (D:9)
  25 rats
  A spectral orc (D:2)
365 creatures vanquished.

Vanquished Creatures (collateral kills)
  Sonja (D:10)
1 creature vanquished.

Vanquished Creatures (others)
  22 demonic plants (Gauntlet)
  7 plants (D:7)
29 creatures vanquished.

Grand Total: 395 creatures vanquished

Notes
Turn   | Place    | Note
-------+----------+-------------------------------------------
     0 | D:1      | wakim the Troll Fighter began the quest for the Orb.
     0 | D:1      | Reached XP level 1. HP: 22/22 MP: 0/0
   100 | D:1      | Reached XP level 2. HP: 24/29 MP: 1/1
  1315 | D:2      | Reached XP level 3. HP: 36/36 MP: 2/2
  1359 | D:2      | Reached skill level 3 in Unarmed Combat
  1721 | D:2      | Reached XP level 4. HP: 44/44 MP: 3/3
  1743 | D:2      | Found a basalt altar of Yredelemnul.
  2120 | D:3      | Noticed Jessica
  2130 | D:3      | Killed Jessica
  2131 | D:3      | Reached skill level 4 in Unarmed Combat
  2131 | D:3      | Reached XP level 5. HP: 53/53 MP: 4/4
  2208 | D:3      | Found a snail-covered altar of Cheibriados.
  2344 | D:3      | Noticed Sigmund
  2504 | D:3      | Noticed a +0 dagger
  2505 | D:3      | Noticed a +0 dagger
  2508 | D:3      | Found a hide-covered altar of Uskayaw.
  2829 | D:4      | Noticed an ogre
  2841 | D:4      | Killed an ogre
  2842 | D:4      | Reached XP level 6. HP: 48/61 MP: 5/5
  2944 | D:4      | Found a glowing drain.
  2954 | Sewer    | Entered a sewer
  3075 | Sewer    | Reached skill level 5 in Unarmed Combat
  3519 | D:4      | Found Itaith's Jewellery Boutique.
  3535 | D:4      | Found Taz Dail's Assorted Antiques.
  3543 | D:4      | Bought a scorched platinum ring for 115 gold pieces
  3543 | D:4      | Identified the ring "Gemume" {+Blink rPois rC+ Int+2} (You
                  | bought it in a shop on level 4 of the Dungeon)
  3659 | D:4      | Found Vusaush's Antique Weapon Emporium.
  3684 | D:4      | Found an ancient bone altar of Kikubaaqudgha.
  3686 | D:4      | Found a blossoming altar of Fedhas.
  3755 | D:4      | Found a burning altar of Makhleb.
  3795 | D:4      | Became a worshipper of Makhleb the Destroyer
  3820 | D:4      | Found Lockyde's Book Emporium.
  3934 | D:4      | Found Muirit's Book Shoppe.
  4181 | D:5      | Entered Level 5 of the Dungeon
  4218 | D:5      | Noticed an ice beast
  4245 | D:4      | Killed an ice beast
  4246 | D:4      | Reached XP level 7. HP: 56/70 MP: 6/6
  4270 | D:5      | Reached skill level 1 in Invocations
  4373 | D:5      | Reached skill level 6 in Unarmed Combat
  4473 | D:5      | Found a staircase to the Ecumenical Temple.
  4518 | Temple   | Entered the Ecumenical Temple
  4637 | D:5      | Reached XP level 8. HP: 79/79 MP: 8/8
  4659 | D:5      | Reached * piety under Makhleb
  4872 | D:5      | Found a shimmering blue altar of Sif Muna.
  4994 | D:6      | Noticed Pikel
  5004 | D:6      | Killed Pikel
  5005 | D:6      | Reached skill level 5 in Fighting
  5005 | D:6      | Reached skill level 7 in Unarmed Combat
  5005 | D:6      | Found a shadowy altar of Dithmenos.
  5048 | D:6      | Reached skill level 5 in Shields
  5066 | D:6      | Found a broken altar of Ashenzari.
  5400 | D:6      | Noticed Eustachio
  5432 | D:6      | Killed Eustachio
  5433 | D:6      | Reached skill level 8 in Unarmed Combat
  5433 | D:6      | Reached XP level 9. HP: 72/88 MP: 10/10
  5441 | D:6      | Found a shadowy altar of Dithmenos.
  5660 | D:6      | Noticed Prince Ribbit
  5961 | D:7      | Found Kaesyot's Assorted Antiques.
  5976 | D:7      | Bought a scroll labelled CAENIXE FUNWAY for 27 gold pieces
  5976 | D:7      | Bought a scroll labelled HANOSO SUEH for 27 gold pieces
  6066 | D:7      | Found a glowing golden altar of the Shining One.
  6102 | D:7      | Reached ** piety under Makhleb
  6309 | D:7      | Found Douge's Jewellery Emporium.
  6378 | D:7      | Found Usur's Antique Weapon Shop.
  6430 | D:7      | Found Wuxzoe's Assorted Antiques.
  6802 | D:8      | Reached skill level 9 in Unarmed Combat
  6857 | D:8      | Noticed a troll
  6864 | D:8      | Killed a troll
  6865 | D:8      | Reached skill level 5 in Invocations
  6874 | D:8      | Reached XP level 10. HP: 87/98 MP: 12/12
  6876 | D:8      | Noticed a gargoyle
  6923 | D:8      | Killed a gargoyle
  6947 | D:8      | Reached *** piety under Makhleb
  7214 | D:8      | Found a staircase to the Lair.
  7445 | D:8      | Found a stormy altar of Qazlal.
  7459 | D:8      | Found a glowing silver altar of Zin.
  7519 | D:8      | Found a radiant altar of Vehumet.
  7579 | D:8      | Noticed a centaur warrior
  7768 | D:9      | Reached skill level 10 in Unarmed Combat
  8131 | D:9      | Reached **** piety under Makhleb
  8199 | D:9      | Found Soshain's Jewellery Emporium.
  8230 | D:9      | Found a staircase to the Orcish Mines.
  8340 | D:9      | Found a basalt altar of Yredelemnul.
  8540 | D:9      | Reached XP level 11. HP: 109/109 MP: 14/14
  8789 | D:10     | Entered Level 10 of the Dungeon
  8846 | D:10     | Noticed Sonja
  8855 | D:10     | Killed Sonja
  8952 | D:10     | Noticed Psyche
  8968 | D:10     | Killed Psyche
  8969 | D:10     | Reached skill level 1 in Throwing
  9158 | D:10     | Found a portal to a secret trove of treasure.
  9426 | D:9      | Bought the amulet of the Swan {rF+ rC+ rN+ Regen+} for 717
                  | gold pieces
  9529 | D:10     | Noticed Fannar
  9541 | D:10     | Killed Fannar
 10237 | D:11     | Noticed Gastronok
 10245 | D:11     | Killed Gastronok
 10280 | D:11     | Reached ***** piety under Makhleb
 10621 | D:11     | Noticed Maurice
 10642 | D:11     | Killed Maurice
 10700 | D:12     | Noticed a tengu reaver
 10712 | D:12     | Found a gate leading to a gauntlet.
 10784 | Gauntlet | Entered a Gauntlet
 10784 | Gauntlet | Found a transporter.
 10784 | Gauntlet | Found a transporter.
 10784 | Gauntlet | Found a transporter.
 10784 | Gauntlet | Noticed a wizard
 10788 | Gauntlet | Found a transporter.
 10798 | Gauntlet | Found a transporter.
 10802 | Gauntlet | Found a transporter.
 10810 | Gauntlet | Noticed a large abomination
 10810 | Gauntlet | Noticed a wizard
 10818 | Gauntlet | Found a transporter.
 10820 | Gauntlet | Found a transporter.
 10836 | Gauntlet | Found a transporter.
 10840 | Gauntlet | Found a transporter.
 10851 | Gauntlet | Found a transporter.
 10899 | Gauntlet | Found a transporter.
 11000 | Gauntlet | Killed a wizard
 11001 | Gauntlet | Reached XP level 12. HP: 117/119 MP: 15/17
 11031 | Gauntlet | Reached skill level 5 in Throwing
 11166 | Gauntlet | Noticed a minotaur
 11202 | Gauntlet | Mangled by a minotaur

Illustrated notes

Levels and vault maps discovered:
D:1:      beargit_arrival_greenhouse, layout_basic,
          chequers_serial_rivers_small_a
D:2:      layout_basic, yredelemnul_forgotten_temple_becter
D:3:      minmay_general_purpose_star, layout_basic, kennysheep_slug_shrine,
          dancing_weapons_uskayaw, uniq_sigmund, uniq_jessica
D:4:      layout_gridville, grunt_temple_overflow_growth_and_decay,
          lemuel_round_altar, gup_sewer_entry_bubbles, serial_shops, shop,
          kennysheep_mini, shop, shop, shop, uniq_crazy_yiuf_cottage
D:5:      layout_cave_pools, led_sif_pool, minmay_temple_entry_large_hall
D:6:      layout_loops_corners, overflow_temple_1_default, kennysheep_mini_moat,
          nicolae_dithmenos_shadow_blocks, uniq_eustachio, uniq_pikel,
          uniq_prince_ribbit1
D:7:      layout_loops_ring, nicolae_overflow_crystal_walls, serial_shops, shop,
          shop, nicolae_shop_crystal, nicolae_shop_overgrown_old_shop
D:8:      minmay_imperfect_grid, layout_rooms, overflow_temple_1_default,
          lemuel_coloured_pillars_altar, lemuel_round_altar,
          kennysheep_island_fort
D:9:      layout_loops_corners, orc_0_dummy, serial_shops, shop,
          lemuel_mausoleum_altar_yredelemnul
D:10:     layout_basic, enter_trove_6, uniq_fannar, uniq_psyche, uniq_sonja
D:11:     layout_irregular_city, grunt_decor_one_mirror, uniq_gastronok,
          uniq_maurice
D:12:     layout_long_grid, gauntlet_entry_generic, gammafunk_ghost_arena,
          nzn_sisyphean_effort
Temple:   compressed_dpeg_triangle_lava_temple
Gauntlet: gammafunk_gauntlet_hard_choice [gammafunk_gauntlet_arena_corners,
          gammafunk_gauntlet_arena_spirals, gammafunk_gauntlet_arena_grid,
          gammafunk_gauntlet_arena_hedges, nicolae_gauntlet_swirl,
          nicolae_gauntlet_arena_grate_2, gauntlet_exit_spiral]

Skill      XL: |  1  2  3  4  5  6  7  8  9 10 11 12 |
---------------+-------------------------------------+-----
Unarmed Combat | 3 4 5 6 8 9 10 | 10.9
Fighting       | 3 4 5 6 7 8 |  8.0
Shields        | 3 4 5 6 7 8 |  8.6
Invocations    | 2 3 5 6 8 |  8.0
Throwing       | 4 5 |  5.1
Dodging        | |  2.4

Action                   |  1- 3 |  4- 6 |  7- 9 | 10-12 || total
-------------------------+-------+-------+-------+-------++-------
Melee: Unarmed           |   119 |   248 |   290 |   559 ||  1216
Throw: Dart              |    14 |     4 |       |    15 ||    33
Invok: Minor Destruction |       |       |       |     2 ||     2
       Lesser Servant of |       |       |       |     4 ||     4
 Abil: Evoke Blink       |       |       |     2 |       ||     2
  Use: Scroll            |       |    10 |     5 |     5 ||    20
       Potion            |       |     1 |       |       ||     1
 Stab: Distracted        |       |       |       |     1 ||     1
Armor: Robe              |    27 |    96 |    21 |       ||   144
       Steam dragon scal |       |       |   115 |   160 ||   275
Dodge: Dodged            |    36 |    78 |   118 |   138 ||   370
Block: Kite shield       |    43 |   130 |   167 |   244 ||   584

Table legend: (Time is in decaauts)
 A = Elapsed time spent in this place.
 B = Non-inter-level travel time spent in this place.
 C = Inter-level travel time spent in this place.
 D = Time resting spent in this place.
 E = Time spent auto-exploring this place.
 F = Levels seen in this place.
 G = Mean time per level.
                   A        B        C        D        E       F      G
               +--------+--------+--------+--------+--------+-----+--------+
         Total |  11113 |  10286 |    827 |    247 |   6556 |  15 |  740.9 |
       Dungeon |  10184 |   9357 |    827 |    247 |   6177 |  12 |  848.7 |
        Temple |     26 |     26 |      0 |      0 |      0 |   1 |   26.0 |
         Sewer |    490 |    490 |      0 |      0 |    267 |   1 |  490.0 |
      Gauntlet |    411 |    411 |      0 |      0 |    111 |   1 |  411.0 |
               +--------+--------+--------+--------+--------+-----+--------+

Top non-repeatable levels by time:
     D:1: 1312 daAuts
     D:9: 1149 daAuts
     D:4: 1109 daAuts
     D:8: 1047 daAuts
    D:10: 997 daAuts
     D:6: 975 daAuts
     D:3: 754 daAuts
    D:11: 747 daAuts
     D:7: 718 daAuts
     D:2: 697 daAuts
     D:5: 595 daAuts
   Sewer: 490 daAuts
Gauntlet: 411 daAuts
    D:12: 81 daAuts
  Temple: 26 daAuts
